 Dungeon Crawl Stone Soup version 0.31-a0-664-g902f515a81 (webtiles) character file.

Game seed: 8727945044514738625

1841 Elion the Caller (level 8, -1/32 HPs)
             Began as a Felid Summoner on Sept 2, 2023.
             Slain by an orc
             ... wielding a +0 club
              (4 damage)
             ... on level 5 of the Dungeon.
             The game lasted 00:45:26 (5237 turns).

Elion the Caller (Felid Summoner)                   Turns: 5237, Time: 00:45:29

Health: -1/32      AC:  2    Str:  4    XL:     8   Next: 87%
Magic:  15/18      EV: 20    Int: 19    God:
Gold:   215        SH:  0    Dex: 22    Spells: 6/19 levels left
                                        Lives:  0   Deaths: 3

rFire   + .          .
                       - Unarmed
rCold   . . .        (shield unavailable)
rNeg    . . .        (body armour unavailable)
rPois   .            (helmet unavailable)
rElec   .            (cloak unavailable)
rCorr   .            (gloves unavailable)
SInv    +            (boots unavailable)
Will    +....        (no amulet)
Stlth   +++          k - +6 ring of dexterity
HPRegen 0.25/turn    r - ring of protection from fire
MPRegen 0.16/turn

%: no passive effects
@: quick
A: very small, claws 1, fangs 3, see invisible, speed 1, shaggy fur 2, stealthy
paws, no weapons or thrown items, no armour, multi-lived
a: no special abilities


You were on level 5 of the Dungeon.
You visited 1 branch of the dungeon, and saw 5 of its levels.

You collected 295 gold pieces.
You spent 80 gold pieces at shops.

Inventory:

Hand Weapons
 c - a +1 scythe of protection
 e - a +1 whip of freezing
 p - the +6 mace "Yteotuuc" {speed, rPois Str-2 Dex+5 Stlth+}
   (You found it on level 3 of the Dungeon)

   Str-2:     It affects your strength (-2).
   Dex+5:     It affects your dexterity (+5).
   rPois:     It protects you from poison Stlth+: It makes you more stealthy.
 q - a +1 flail of pain
Missiles
 b - 38 stones
 g - 10 boomerangs
Armour
 t - a +2 ring mail of cold resistance
Jewellery
 k - a +6 ring of dexterity (left paw)
 r - a ring of protection from fire (right paw)
Wands
 s - a wand of mindburst (18)
 u - a wand of paralysis (11)
Scrolls
 d - a scroll of immolation
 j - 2 scrolls of amnesia
 l - 2 scrolls of fear
 v - 3 scrolls of butterflies
Potions
 a - 2 potions of magic
 f - a potion of berserk rage {unknown}
 n - a potion of lignification {unknown}
 o - a potion of cancellation {unknown}
 w - a potion of curing


   Skills:
 + Level 1.0 Fighting
 + Level 4.7 Dodging
 + Level 3.8 Stealth
 * Level 3.2 Unarmed Combat
 + Level 6.0 Spellcasting
 * Level 5.7 Hexes
 + Level 7.4 Summonings
 * Level 2.4 Air Magic


You had 6 spell levels left.
You knew the following spells:

 Your Spells              Type           Power      Damage    Failure   Level
a - Summon Small Mammal   Summ           100%       N/A       1%          1
b - Call Imp              Summ           68%        N/A       1%          2
c - Call Canine Familiar  Summ           34%        N/A       1%          3
d - Summon Guardian Gole  Hex/Summ       30%        N/A       2%          3
e - Summon Lightning Spi  Summ/Air       24%        N/A       14%         4

Your spell library contained the following spells:

 Spells                   Type           Power      Damage    Failure   Level
 Frozen Ramparts          Ice            10%        1d2       32%         3
 Metabolic Englaciation   Hex/Ice        8%         N/A       67%         5
 Animate Dead             Necr           5%         N/A       73%         4
 Petrify                  Tmut/Erth      5%         N/A       73%         4
 Borgnjor's Vile Clutch   Necr/Erth      2%         N/A       97%         5
 Death Channel            Necr           2%         N/A       100%        6


Dungeon Overview and Level Annotations

Branches:
Dungeon (5/15)             Temple (0/1) D:4

Altars:
Elyvilon
Uskayaw
Zin

Shops:
D:1 [   D:4 !

Annotations:
D:5 1 transporter, Prince Ribbit


Innate Abilities, Weirdness & Mutations

You have sharp claws.
You have razor-sharp teeth.
You have supernaturally acute eyesight. (SInv)
You cover ground quickly. (Speed+)
You are covered in thick fur. (AC +2)
Your paws help you pounce on unaware monsters.
You are incapable of wielding weapons or throwing items.
You cannot wear armour.
You gain extra lives every three experience levels.


Message History

Your cerulean imp closely misses the orc wizard.
The orc priest hits your cerulean imp with a +0 mace!
You closely miss the orc wizard. The orc misses you.
The orc wizard closely misses you. The orc wizard casts a spell at you.
The magic dart hits you!
Your cerulean imp barely misses the orc wizard.
You bump into the rock wall.
The orc priest hits your cerulean imp with a +0 mace.
The orc hits you but does no damage.
Your cerulean imp closely misses the orc priest.
The orc wizard hits you with a +0 dagger.
* * * LOW HITPOINT WARNING * * *
The orc wizard misses you.
Unknown command.
You bump into the rock wall.
The orc priest calls down the wrath of Beogh upon you.
The orc wizard struggles to resist.
The orc hits you with a +0 club.
* * * LOW HITPOINT WARNING * * *
Your cerulean imp barely misses the orc priest.
The orc wizard completely misses you.
You scratch the orc wizard.
The orc wizard is lightly wounded.
The orc priest looks satisfied for a moment.
The orc misses you.
The orc wizard hits your cerulean imp but does no damage.
The orc wizard hits you with a +0 dagger.
* * * LOW HITPOINT WARNING * * *
Your cerulean imp closely misses the orc wizard.
Unknown command.
You feel less confused. The orc hits you with a +0 club.
* * * LOW HITPOINT WARNING * * *
Casting: Call Imp (safe; 1% risk of failure)
Confirm with . or Enter, or press ? or * to list all spells.
A guardian golem appears, shielding your allies.
Your cerulean imp hits the orc with a -1 spear.
The orc wizard barely misses your cerulean imp.
The orc hits you with a +0 club.
You die...

## .......... ......#...
.......... #..............
.........? #..............
#........# ..........#....
#......# #..............
#......#####......>......<
#.......##................
########...[..9##.#.........#...†
†.c.)...........@oo.........#...)
..######†.....###o#)..!..........
.).###...........o).#.....#..#...
.................o5####.###.##.))
###.....9......##.####......#..#)
..#...........###...#...### #.##.
.○#...>.(..>..........#.# #.. #.
..#.........######÷.....# #..# #.
..#.........# #....#.##.# #. #.


You could see an orc priest, 2 orc wizards, 2 orcs, a friendly guardian golem
(summoned) and a friendly cerulean imp (summoned).

Vanquished Creatures
  A centaur (D:5)
  A gnoll (D:3)
  3 adders
  A dart slug (D:1)
  3 orcs
  2 ball pythons (D:4)
  2 giant cockroaches (D:1)
  A goblin (D:2)
  2 hobgoblins (D:1)
  3 quokkas
  A bat (D:3)
  A rat (D:2)
21 creatures vanquished.

Vanquished Creatures (collateral kills)
  An ice beast (D:5)
  A phantom (D:5)
  A scorpion (D:4)
  3 jellies
  4 hounds
  An orc priest (D:3)
  A sleepcap (D:4)
  Ijyb (D:3)
  2 iguanas
  2 orc wizards (D:5)
  5 adders
  4 gnolls
  A shadow imp (D:5)
  A worm (D:3)
  3 dart slugs
  15 orcs
  4 endoplasms
  4 giant cockroaches
  3 goblins
  6 hobgoblins
  2 jackals (D:1)
  A quokka (D:2)
  5 ball pythons
  3 bats
  4 frilled lizards
  A kobold (D:3)
  5 rats
84 creatures vanquished.

Vanquished Creatures (others)
  Pikel (D:5)
  Sigmund (D:4)
  Duvessa (D:5)
  An ice beast (D:4)
  A scorpion (D:5)
  Dowan (D:5)
6 creatures vanquished.

Grand Total: 111 creatures vanquished

Notes
Turn   | Place    | Note
-------+----------+-------------------------------------------
     0 | D:1      | Elion the Felid Summoner began the quest for the Orb.
     0 | D:1      | Reached XP level 1. HP: 7/7 MP: 4/4
   412 | D:1      | Reached XP level 2. HP: 11/11 MP: 4/6
   457 | D:1      | Found Xealuzxa's Antique Armour Emporium.
   882 | D:1      | Learned a level 2 spell: Call Imp
  1762 | D:2      | Reached XP level 3. HP: 9/14 MP: 3/7
  2333 | D:2      | Learned a level 3 spell: Call Canine Familiar
  2380 | D:3      | Identified the +6 mace "Yteotuuc" {speed, rPois Str-2 Dex+5
                  | Stlth+}
  2431 | D:3      | Reached XP level 4. HP: 6/18 MP: 6/8
  2510 | D:3      | Reached skill level 5 in Summonings
  2560 | D:3      | Found a hide-covered altar of Uskayaw.
  2560 | D:3      | Found a white marble altar of Elyvilon.
  2665 | D:3      | Reached skill level 1 in Unarmed Combat
  2872 | D:3      | Reached XP level 5. HP: 21/21 MP: 3/10
  2940 | D:3      | Noticed Ijyb
  2977 | D:3      | Killed Ijyb
  3069 | D:3      | Learned a level 3 spell: Summon Guardian Golem
  3587 | D:4      | Found a staircase to the Ecumenical Temple.
  3605 | D:4      | Gained mutation: You are covered in thick fur. (AC +2)
                  | [Felid growth]
  3605 | D:4      | Reached XP level 6. HP: 25/25 MP: 3/11
  3715 | D:4      | Found Cuasogor's Distillery.
  3734 | D:4      | Bought a potion of heal wounds for 50 gold pieces
  3734 | D:4      | Bought a potion of curing for 30 gold pieces
  3921 | D:4      | Noticed an ice beast
  4127 | D:4      | Killed an ice beast
  4128 | D:4      | Reached skill level 6 in Summonings
  4237 | D:4      | Noticed Sigmund
  4291 | D:4      | Killed Sigmund
  4292 | D:4      | Reached XP level 7. HP: 28/28 MP: 1/14
  4609 | D:4      | Found a glowing silver altar of Zin.
  4628 | D:4      | Learned a level 4 spell: Summon Lightning Spire
  4747 | D:5      | Entered Level 5 of the Dungeon
  4756 | D:5      | Noticed Duvessa
  4759 | D:5      | Noticed Dowan
  4773 | D:5      | Killed Dowan
  4785 | D:5      | Killed Duvessa
  4809 | D:5      | Noticed Pikel
  4809 | D:5      | Slain by a lemure
  4810 | D:5      | Found a transporter.
  4839 | D:5      | Killed Pikel
  4840 | D:5      | Reached skill level 1 in Fighting
  4840 | D:5      | Reached skill level 5 in Spellcasting
  4840 | D:5      | Reached skill level 5 in Hexes
  4840 | D:5      | Reached skill level 7 in Summonings
  4840 | D:5      | Reached skill level 1 in Air Magic
  4840 | D:5      | Reached XP level 8. HP: 11/32 MP: 9/17
  4954 | D:5      | Noticed Prince Ribbit
  5173 | D:5      | Shot with an arrow by a centaur
  5185 | D:5      | Shot with an arrow by a centaur
  5237 | D:5      | Slain by an orc

Illustrated notes

Levels and vault maps discovered:
D:1:      minmay_arrival_jagged, layout_basic, serial_shops,
          nicolae_shop_advertising_works [nicolae_subvault_shop_adworks]
D:2:      layout_basic, kennysheep_another_room, kennysheep_flooded_box
D:3:      layout_loops_ring, jmf_multi_god_temple, uniq_ijyb
D:4:      layout_loops_ring, general_overflow_altar, minmay_temple_entry_waves,
          serial_shops, nicolae_shop_tiny_real_fake_doors, uniq_sigmund
D:5:      gammafunk_cloud_chamber, layout_rooms, xom_confusion_cloud,
          corexii_leaking_fountain, minmay_ruined_shrine, uniq_duvessa,
          uniq_pikel, uniq_menkaure, uniq_prince_ribbit1

Skill      XL: |  1  2  3  4  5  6  7  8 |
---------------+-------------------------+-----
Stealth        | 3 |  3.8
Dodging        | 3 4 |  4.7
Summonings     | 5 6 7 |  7.4
Unarmed Combat | 1 2 3 |  3.2
Spellcasting   | 3 4 5 6 |  6.0
Hexes          | 2 5 |  5.7
Fighting       | 1 |  1.0
Air Magic      | 1 2 |  2.4

Action                     |  1- 3 |  4- 6 |  7- 9 || total
---------------------------+-------+-------+-------++-------
  Melee: Unarmed           |    75 |    27 |    44 ||   146
         Bite              |    14 |     1 |     6 ||    21
         Punch             |     1 |     1 |     4 ||     6
   Cast: Summon Small Mamm |    27 |    14 |     1 ||    42
         Call Imp          |    15 |    26 |    10 ||    51
         Call Canine Famil |       |    12 |    13 ||    25
         Summon Guardian G |       |     4 |     8 ||    12
         Summon Lightning  |       |       |     2 ||     2
    Use: Scroll            |       |     6 |     5 ||    11
         Potion            |       |       |     3 ||     3
   Stab: Distracted        |     3 |     1 |     1 ||     5
 Armour: Skin              |    32 |     9 |    56 ||    97
  Dodge: Dodged            |    81 |    33 |   117 ||   231

Table legend: (Time is in decaauts)
 A = Elapsed time spent in this place.
 B = Non-inter-level travel time spent in this place.
 C = Inter-level travel time spent in this place.
 D = Time resting spent in this place.
 E = Time spent auto-exploring this place.
 F = Levels seen in this place.
 G = Mean time per level.
                   A        B        C        D        E       F      G
               +--------+--------+--------+--------+--------+-----+--------+
         Total |   4563 |   4327 |    236 |    744 |   1352 |   5 |  912.6 |
       Dungeon |   4563 |   4327 |    236 |    744 |   1352 |   5 |  912.6 |
               +--------+--------+--------+--------+--------+-----+--------+

Top non-repeatable levels by time:
     D:4: 1193 daAuts
     D:1: 1154 daAuts
     D:3: 927 daAuts
     D:2: 833 daAuts
     D:5: 454 daAuts
